 Dungeon Crawl Stone Soup version 0.20.1-1-g8b1a95d (webtiles) character file.

408 Folque the Magician (level 6, 0/42 HPs)
             Began as an Octopode Wizard on Nov 5, 2017.
             Slain by an orc wizard
             ... wielding a +0 dagger
              (3 damage)
             ... on level 4 of the Dungeon.
             The game lasted 00:19:57 (3771 turns).

Folque the Magician (Octopode Wizard)               Turns: 3771, Time: 00:19:58

Health: 0/42       AC:  1    Str:  4    XL:     6   Next: 88%
Magic:  4/12       EV: 13    Int: 22    God:
Gold:   152        SH:  0    Dex: 10    Spells: 6/14 levels left

rFire    . . .     SeeInvis .   r - +2 mace (venom)
rCold    . . .     Gourm    .   (no shield)
rNeg     . . .     Faith    .   a - +0 hat
rPois    .         Spirit   .   (no amulet)
rElec    .         Reflect  .   s - -3 ring of strength (curse)
rCorr    .         Harm     .   (no ring)
MR       .....                  (no ring)
Stlth    +++.......             (no ring)
Regen    0.2/turn               (no ring)
MPRegen  0.2/turn               (no ring)
                                (no ring)
                                (no ring)

@: no status effects
A: almost no armour, stealthy swim, amphibious, 8 rings, constrict 8, camouflage
1, gelatinous body 1
a: no special abilities


You were on level 4 of the Dungeon.
You were hungry.

You visited 1 branch of the dungeon, and saw 4 of its levels.

You collected 152 gold pieces.

Inventory:

Hand Weapons
 e - a +0 club
 h - a +0 club
 i - a +2 hand axe of flaming
 j - a +0 dagger
 k - a +0 spear
 r - a +2 mace of venom (weapon)
Missiles
 t - a throwing net (quivered)
Armour
 a - a +0 hat (worn)
Jewellery
 q - an uncursed ring of fire {unknown}
 s - a cursed -3 ring of strength (left tentacle)
Wands
 l - a wand of flame (35/48)
 p - a wand of lightning (5/15)
Scrolls
 d - 2 scrolls of identify
 n - a scroll of remove curse {unknown}
 u - a scroll of amnesia
 v - a scroll of immolation {unknown}
Potions
 o - 2 potions of flight {unknown}
 w - a potion of invisibility {unknown}
Books
 b - a book of Minor Magic

   Spells                             Type                      Level
   a - Magic Dart                     Conjuration                  1
   b - Blink                          Translocation                2
   c - Call Imp                       Summoning                    2
   d - Slow                           Hexes                        2
   e - Conjure Flame                  Conjuration/Fire             3
   f - Mephitic Cloud                 Conjuration/Poison/Air       3
Comestibles
 c - 4 bread rations
 f - 3 royal jellies
 m - 4 meat rations


   Skills:
 - Level 3.0 Fighting
 - Level 2.0 Dodging
 - Level 2.6 Stealth
 + Level 4.6 Spellcasting
 * Level 3.5 Conjurations
 - Level 1.0 Summonings
 - Level 1.0 Translocations
 - Level 3.1 Poison Magic


You had 6 spell levels left.
You knew the following spells:

 Your Spells              Type           Power        Failure   Level  Hunger
a - Magic Dart            Conj           ###.         2%          1    None
b - Call Imp              Summ           #.......     11%         2    None
c - Blink                 Tloc           N/A          11%         2    None
d - Mephitic Cloud        Conj/Pois/Air  ##......     13%         3    ##.....


Dungeon Overview and Level Annotations

Branches:
Dungeon (4/15)
 Temple: D:4-7

Altars:

Annotations:
D:4 Eustachio


Innate Abilities, Weirdness & Mutations

You cannot wear most types of armour.
You are very stealthy in the water. (Stealth+)
You are amphibious.
You can wear up to eight rings at the same time.
You can use your tentacles to constrict eight enemies at once.
Your skin changes colour to match your surroundings (Stealth+).
Your rubbery body absorbs attacks. (AC +1, EV +1)


Message History

A magic dart appears from out of thin air!
The magic dart hits you!
* * * LOW HITPOINT WARNING * * *
The adder bites Eustachio.
Eustachio looks as sick as possible!
The adder poisons Eustachio!
Something hits you.
* * * LOW HITPOINT WARNING * * *
The bat closely misses you. The bat hits you.
* * * LOW HITPOINT WARNING * * *
Something hits you but does no damage.
You see here a club.
The bat misses you. Something hits you.
* * * LOW HITPOINT WARNING * * *
The bat hits you but does no damage. The bat completely misses you.
The bat hits you.
* * * LOW HITPOINT WARNING * * *
Something barely misses you. The bat hits you.
* * * LOW HITPOINT WARNING * * *
Something hits you.
You die...

#........# #. #..../...#
#. #####(.......# #.
#.S..o.......# #.
#............# #.
#.@..........# #.
#.....######## #. #.....#
#. #.@.).#### #..b.....#
#######.....##.#
............##.##########
........######.#.......).
........# #.#........)
........# #.#.........
........# ###'#.........
........# #.............


You could see Eustachio (confused), an adder (confused), an orc (confused) and a
bat.

Vanquished Creatures
  A big kobold (D:3)
  A hound (D:4)
  3 orc priests
  An orc wizard (D:4)
  4 adders
  2 worms (D:2)
  A leopard gecko (D:4)
  9 orcs
  9 bats
  5 giant cockroaches
  7 goblins
  9 hobgoblins
  11 kobolds
  4 quokkas
  3 ball pythons
  7 frilled lizards
  5 rats (D:1)
82 creatures vanquished.

Vanquished Creatures (collateral kills)
  Menkaure (D:4)
  An adder (D:2)
  5 worms
  A dart slug (D:1)
  3 orcs
  A goblin (D:1)
  6 hobgoblins
  2 kobolds (D:2)
  A bat (D:2)
  A leopard gecko skeleton (D:4)
  2 rats (D:2)
24 creatures vanquished.

Grand Total: 106 creatures vanquished

Notes
Turn   | Place    | Note
-------+----------+-------------------------------------------
     0 | D:1      | Folque the Octopode Wizard began the quest for the Orb.
     0 | D:1      | Reached XP level 1. HP: 11/11 MP: 4/4
   118 | D:1      | Reached skill level 1 in Fighting
   118 | D:1      | Reached XP level 2. HP: 12/18 MP: 4/6
   321 | D:1      | Learned a level 2 spell: Call Imp
   324 | D:1      | Learned a level 2 spell: Blink
   566 | D:1      | Reached XP level 3. HP: 23/23 MP: 7/7
  1217 | D:2      | Reached XP level 4. HP: 26/30 MP: 2/9
  1228 | D:2      | Learned a level 3 spell: Mephitic Cloud
  2356 | D:3      | Reached skill level 1 in Poison Magic
  2356 | D:3      | Reached XP level 5. HP: 16/36 MP: 7/10
  2672 | D:3      | Noticed a big kobold
  2767 | D:3      | Reached skill level 4 in Spellcasting
  2783 | D:3      | Killed a big kobold
  3148 | D:4      | Reached XP level 6. HP: 33/42 MP: 10/12
  3507 | D:4      | Noticed Menkaure
  3531 | D:4      | Killed Menkaure
  3746 | D:4      | Noticed Eustachio
  3771 | D:4      | Slain by an orc wizard

Skill      XL: |  1  2  3  4  5  6 |
---------------+-------------------+-----
Fighting       | 1 2 3 |  3.0
Poison Magic   | 1 3 |  3.1
Spellcasting   | 4 |  4.6
Conjurations   | 2 3 |  3.5
Dodging        | |  2.0
Stealth        | |  2.6
Summonings     | |  1.0
Translocations | |  1.0

Action                   |  1- 3 |  4- 6 || total
-------------------------+-------+-------++-------
Melee: Club              |    12 |       ||    12
       Constrict         |    23 |    28 ||    51
       Tentacles         |    16 |    12 ||    28
       Unarmed           |     3 |       ||     3
       Spear             |    82 |    61 ||   143
       Dagger            |     1 |       ||     1
       Hand axe          |       |    89 ||    89
       Mace              |       |    10 ||    10
 Cast: Magic Dart        |    14 |     2 ||    16
       Call Imp          |    14 |    29 ||    43
       Blink             |     1 |     3 ||     4
       Mephitic Cloud    |       |     9 ||     9
  Use: Scroll            |     2 |     6 ||     8
       Potion            |       |     2 ||     2
 Stab: Sleeping          |    10 |     6 ||    16
       Confused          |       |     6 ||     6
  Eat: Chunk             |     1 |     9 ||    10
Armor: Skin              |     5 |    11 ||    16
Dodge: Dodged            |    40 |    81 ||   121
